 Dungeon Crawl Stone Soup version 0.19.1-1-g22dce08 (webtiles) character file.

8186 Jynx the Devastator (level 11, -3/54 HPs)
             Began as a Deep Elf Conjurer on Jan 7, 2017.
             Was a Believer of Vehumet.
             Killed from afar by Erica (11 damage)
             ... with an orb of energy
             ... on level 2 of the Lair of Beasts.
             The game lasted 00:23:09 (12550 turns).

Jynx the Devastator (Deep Elf Conjurer)            Turns: 12550, Time: 00:23:10

Health: -3/54      AC:  2    Str:  5    XL:     11   Next: 6%
Magic:  0/29       EV: 13    Int: 29    God:    Vehumet [**....]
Gold:   516        SH:  0    Dex: 15    Spells: 3 memorised, 26 levels left

rFire  . . .     SeeInvis .     y - +0 dagger (venom)
rCold  . . .     Gourm    .     a - +0 robe
rNeg   . . .     Faith    .     (no shield)
rPois  .         Spirit   .     u - +0 hat
rElec  .         Reflect  .     (no cloak)
rCorr  +         Harm     .     (no gloves)
MR     +....                    (no boots)
Stlth  ++........               (no amulet)
                                g - +5 ring of intelligence
                                o - ring of resist corrosion

@: lethally poisoned (-3 -> -5), slowed, very slow
A: no striking features
a: Renounce Religion


You were on level 2 of the Lair of Beasts.
You worshipped Vehumet.
Vehumet was pleased with you.
You were hungry.

You visited 3 branches of the dungeon, and saw 11 of its levels.

You collected 516 gold pieces.

Inventory:

Hand Weapons
 y - a +0 dagger of venom (weapon)
Armour
 a - a +0 robe (worn)
 u - a +0 hat (worn)
Jewellery
 f - an uncursed ring of flight
 g - a +5 ring of intelligence (right hand)
 o - a ring of resist corrosion (left hand)
 A - an uncursed ring of wizardry {unknown}
Wands
 C - a wand of digging (9/24)
 J - a wand of slowing (20/48)
 K - a wand of disintegration (15/24)
 L - a wand of teleportation (2/9)
 N - a wand of lightning (4/15)
Scrolls
 j - a scroll of amnesia
 m - 10 scrolls of remove curse
 n - 5 scrolls of recharging
 s - 2 scrolls of teleportation
 B - 2 scrolls of enchant weapon {unknown}
 F - a scroll of noise {unknown}
 H - a scroll of blinking {unknown}
 M - a scroll of magic mapping
Potions
 e - 3 potions of might
 h - 3 potions of mutation
 i - a potion of cancellation
 k - 2 potions of lignification
 l - 2 potions of cure mutation
 p - 6 potions of brilliance
 r - 2 potions of degeneration {unknown}
 t - 3 potions of berserk rage
 w - a potion of curing {unknown}
 E - 2 potions of heal wounds {unknown}
 G - a potion of ambrosia {unknown}
 I - 2 potions of magic {unknown}
 O - a potion of invisibility {unknown}
Books
 b - a book of Conjurations

   Spells                             Type                      Level
   a - Magic Dart                     Conjuration                  1
   b - Searing Ray                    Conjuration                  2
   c - Dazzling Spray                 Conjuration/Hexes            3
   d - Fulminant Prism                Conjuration/Hexes            4
   e - Iskenderun's Mystic Blast      Conjuration                  4
   f - Iskenderun's Battlesphere      Conjuration/Charms           5
 q - a book of Changes

   Spells                             Type                      Level
   a - Beastly Appendage              Transmutation                1
   b - Sticks to Snakes               Transmutation                2
   c - Spider Form                    Transmutation/Poison         3
   d - Ice Form                       Ice/Transmutation            4
   e - Blade Hands                    Transmutation                5
 v - a book of Flames

   Spells                             Type                      Level
   a - Flame Tongue                   Conjuration/Fire             1
   b - Throw Flame                    Conjuration/Fire             2
   c - Conjure Flame                  Conjuration/Fire             3
   d - Inner Flame                    Hexes/Fire                   3
   e - Sticky Flame                   Conjuration/Fire             4
   f - Fireball                       Conjuration/Fire             5
 D - a book of Cantrips

   Spells                             Type                      Level
   a - Confusing Touch                Hexes                        1
   b - Animate Skeleton               Necromancy                   1
   c - Summon Small Mammal            Summoning                    1
   d - Apportation                    Translocation                1
Comestibles
 c - 3 bread rations
 d - 5 meat rations
 z - 3 fruits


   Skills:
 - Level 2.4 Dodging
 - Level 2.4 Stealth
 + Level 12.4 Spellcasting
 * Level 15.0 Conjurations
 + Level 2.8 Air Magic


You had 26 spell levels left.
You knew the following spells:

 Your Spells              Type           Power        Failure   Level  Hunger
a - Magic Dart            Conj           ####         0%          1    None
b - Iskenderun's Mystic   Conj           #######.     1%          4    None
c - Mephitic Cloud        Conj/Pois/Air  ######..     1%          3    None


Dungeon Overview and Level Annotations

Branches:
Dungeon (8/15)             Temple (1/1) D:4            Lair (2/6) D:8
  Swamp: Lair:2-4    Shoals: Lair:2-4     Snake: Lair:2-4    Spider: Lair:2-4

Altars:
Ashenzari
Dithmenos
Elyvilon
Fedhas
Gozag
Hepliaklqana
Kikubaaqudgha
Makhleb
Nemelex Xobeh
Okawaru
Qazlal
Ru
Sif Muna
Trog
Uskayaw
Vehumet
Xom
Yredelemnul
Zin
The Shining One

Shops:
D:5 (=*?(   D:8 (*%%*

Annotations:
Lair:2 Erica


Message History

Aim: Disturbance (black smoke)
The orb of energy hits something.
The orb of energy explodes!
The mystic blast hits the plant.
The plant is severely damaged.
You feel sick.
You feel sick.
You feel sick.
You feel sick.
You hear some strange, mumbled words.
You feel yourself slow down.
Casting: Iskenderun's Mystic Blast
Confirm with . or Enter, or press ? or * to list all spells.
Aiming: Iskenderun's Mystic Blast
Press: ? - help, Shift-Dir - straight line The orb of energy hits something.
You feel sick.
You feel sick.
You hear some strange, mumbled words.
An orb of energy appears from out of thin air!
The orb of energy hits you!
You die...

#..§.# ## ###...........#
#...§# #...........#.
#.§.§## #P...........
##§§§§# ##.........#
#P§§§§### #.........#
#§.§§.#.#######.....##
##.......#P######.###.#
#P[.........#.###.###
##....#P#@......#.P.######
###...#########.......##...
#....## ####.........
#...P# ####...... #..###
##..... ##..# #...... #.###
####... #.# #P.. ### ##..


There were no monsters in sight!

Vanquished Creatures
  Urug (Lair:2)
  2 black mambas (Lair:2)
  A spiny frog (Lair:2)
  2 komodo dragons (Lair:2)
  A troll (D:5)
  A two-headed ogre (D:8)
  A hippogriff (Lair:2)
  5 yaks
  The ghost of cada the Ducker, an amateur OpFi (D:3)
  6 water moccasins
  3 porcupines (Lair:1)
  A sky beast (D:6)
  An ice beast (D:8)
  A phantom (D:4)
  A necrophage (D:7)
  4 ogres
  3 centaurs
  A crocodile (Lair:1)
  A big kobold (D:8)
  11 bullfrogs
  A wyvern skeleton (D:8)
  3 scorpions
  7 killer bees
  3 howler monkeys
  6 crimson imps
  2 bullfrog zombies
  A jelly (D:8)
  The ghost of Angani the Sneak, a weakling SpEn (D:4)
  A gnoll shaman (D:7)
  6 orc priests
  4 hounds
  Jessica (D:2)
  Ijyb (D:2)
  Natasha (twice) (D:2)
  13 orc wizards
  3 worker ants (D:4)
  2 hound skeletons
  A howler monkey zombie (D:6)
  14 gnolls
  3 adders
  An adder skeleton (D:8)
  An adder zombie (D:6)
  4 worms
  2 dart slugs
  4 leopard geckos
  25 orcs
  A ball python (D:4)
  6 bats
  6 giant cockroaches
  9 goblins
  8 hobgoblins
  5 jackals
  10 kobolds
  7 quokkas
  3 frilled lizards
  6 rats
221 creatures vanquished.

Notes
Turn   | Place    | Note
-------+----------+-------------------------------------------
     0 | D:1      | Jynx the Deep Elf Conjurer began the quest for the Orb.
     0 | D:1      | Reached XP level 1. HP: 10/10 MP: 6/6
   272 | D:1      | Reached XP level 2. HP: 15/15 MP: 4/8
   390 | D:1      | Reached skill level 5 in Conjurations
   973 | D:2      | Reached XP level 3. HP: 19/19 MP: 6/10
  1080 | D:2      | Reached XP level 4. HP: 7/24 MP: 0/12
  1384 | D:2      | Noticed Jessica
  1387 | D:2      | Noticed Ijyb
  1387 | D:2      | Killed Jessica
  1397 | D:2      | Killed Ijyb
  1397 | D:2      | Reached skill level 6 in Conjurations
  1537 | D:2      | Learned a level 4 spell: Iskenderun's Mystic Blast
  1594 | D:2      | Noticed Natasha
  1599 | D:2      | Killed Natasha
  1599 | D:2      | Reached XP level 5. HP: 28/28 MP: 8/14
  1773 | D:2      | Noticed Natasha
  1775 | D:2      | Killed Natasha
  2142 | D:3      | Noticed cada's ghost (amateur OpFi)
  2154 | D:3      | Killed cada's ghost
  2154 | D:3      | Reached skill level 5 in Spellcasting
  2154 | D:3      | Reached skill level 7 in Conjurations
  2154 | D:3      | Reached XP level 6. HP: 6/32 MP: 0/16
  3056 | D:4      | Reached skill level 8 in Conjurations
  3187 | D:4      | Reached XP level 7. HP: 36/36 MP: 13/17
  3656 | D:4      | Noticed Angani's ghost (weakling SpEn)
  3701 | D:4      | Killed Angani's ghost
  3800 | D:4      | Reached skill level 9 in Conjurations
  4034 | D:4      | Found a staircase to the Ecumenical Temple.
  4104 | Temple   | Entered the Ecumenical Temple
  4148 | Temple   | Became a worshipper of Vehumet
  4502 | D:5      | Entered Level 5 of the Dungeon
  4508 | D:5      | Found Zymuc's Magic Scroll Shop.
  4555 | D:5      | Reached XP level 8. HP: 41/41 MP: 6/20
  4680 | D:5      | Found Kydaich's Weapon Shoppe.
  4686 | D:5      | Found Koasa's Assorted Antiques.
  5002 | D:5      | Found Qiyko's Jewellery Emporium.
  5106 | D:5      | Found a deep blue altar of Sif Muna.
  5147 | D:5      | Found Zeqero's Antique Weapon Boutique.
  5353 | D:5      | Reached skill level 10 in Conjurations
  5589 | D:6      | Noticed a troll
  5683 | D:5      | Killed a troll
  6212 | D:6      | Reached skill level 11 in Conjurations
  6394 | D:6      | Reached * piety under Vehumet
  6394 | D:6      | Offered knowledge of Flame Tongue by Vehumet.
  6561 | D:6      | Reached XP level 9. HP: 43/45 MP: 20/24
  7916 | D:7      | Reached skill level 12 in Conjurations
  8316 | D:7      | Reached skill level 10 in Spellcasting
  8975 | D:7      | Reached ** piety under Vehumet
  9111 | D:7      | Offered knowledge of Shock by Vehumet.
  9203 | D:8      | Reached skill level 13 in Conjurations
  9438 | D:8      | Reached XP level 10. HP: 49/50 MP: 6/26
  9548 | D:8      | Found a staircase to the Lair.
  9675 | D:8      | Found Lashen's General Store.
  9899 | D:8      | Found Ceblos's Food Shoppe.
  9955 | D:8      | Found Idoluerre's Assorted Antiques.
 10224 | D:8      | Found Xeakk's Antique Weapon Emporium.
 10364 | D:8      | Found Leoboap's Food Emporium.
 10651 | Lair:1   | Entered Level 1 of the Lair of Beasts
 11022 | Lair:1   | Reached skill level 14 in Conjurations
 11418 | Lair:1   | Offered knowledge of Mephitic Cloud by Vehumet.
 11658 | Lair:1   | Learned a level 3 spell: Mephitic Cloud
 11742 | Lair:2   | Noticed a black mamba
 11747 | Lair:2   | Killed a black mamba
 11747 | Lair:2   | Reached skill level 1 in Air Magic
 11848 | Lair:2   | Noticed Urug
 11852 | Lair:2   | HP: 1/50 [Urug/javelin (20)]
 11863 | Lair:2   | Killed Urug
 11888 | Lair:2   | Noticed Erica
 12225 | Lair:2   | Noticed a spiny frog
 12234 | Lair:2   | Killed a spiny frog
 12234 | Lair:2   | Reached XP level 11. HP: 45/54 MP: 3/29
 12398 | Lair:2   | Reached skill level 15 in Conjurations
 12550 | Lair:2   | Killed from afar by Erica

Skill      XL: |  1  2  3  4  5  6  7  8  9 10 11 |
---------------+----------------------------------+-----
Conjurations   | 5 6 7 8 9 11 13 14 15 | 15.0
Spellcasting   | 4 5 7 9 10 12 | 12.4
Air Magic      | 2 |  2.8
Dodging        | |  2.4
Stealth        | |  2.4

Action                   |  1- 3 |  4- 6 |  7- 9 | 10-12 || total
-------------------------+-------+-------+-------+-------++-------
Melee: Unarmed           |       |       |     2 |       ||     2
       Dagger            |       |       |     5 |       ||     5
 Cast: Magic Dart        |    60 |   115 |   369 |    87 ||   631
       Iskenderun's Myst |       |     3 |    54 |    54 ||   111
       Mephitic Cloud    |       |       |       |     3 ||     3
Evoke: Wand              |       |       |       |     1 ||     1
  Use: Scroll            |       |    10 |     4 |     1 ||    15
  Eat: Chunk             |       |     7 |    20 |     7 ||    34
       Beef jerky        |       |       |       |     1 ||     1
Armor: Robe              |       |     2 |     7 |       ||     9
Dodge: Dodged            |     3 |     6 |    72 |    11 ||    92
